 Dungeon Crawl Stone Soup version 0.25-a0-353-ged6d54792d (webtiles) character file.

Game seed: 11500790891806091280, levelgen mode: deterministic

60692 Goblin1989 the Prestidigitator (level 14, 0/135 HPs)
             Began as a Deep Dwarf Fighter on Jan 2, 2020.
             Was the Champion of Makhleb.
             Slain by Snorg (7 damage)
             ... on level 1 of the Orcish Mines.
             The game lasted 00:41:03 (15402 turns).

Goblin1989 the Prestidigitator (DDFi)              Turns: 15402, Time: 00:41:04

Health: 0/135      AC: 25    Str: 23    XL:     14   Next: 57%
Magic:  7/7        EV:  7    Int: 11    God:    Makhleb [******]
Gold:   1737       SH: 13    Dex: 10    Spells: 13/13 levels left

rFire    . . .     SeeInvis .   a - +3 war axe
rCold    + . .     Gourm    .   o - +0 shield
rNeg     + . .     Faith    +   N - +4 plate armour
rPois    .         Spirit   .   Y - +1 hat {MR+}
rElec    .         Reflect  .   W - +0 cloak
rCorr    +         Harm     .   U - +0 pair of gloves
MR       +++..                  i - +0 pair of boots
Stlth    ..........             O - amulet of faith {!P}
HPRegen  0.00/turn              c - ring of protection from cold
MPRegen  0.10/turn              g - ring of resist corrosion

@: non-regenerating
A: damage resistance, heal wounds, talons 1, clumsy 1, negative energy
resistance 1, sense surroundings 2, no potion heal 1, no regeneration
a: Heal Wounds, Minor Destruction, Lesser Servant of Makhleb, Major Destruction,
Greater Servant of Makhleb, Renounce Religion


You were on level 1 of the Orcish Mines.
You worshipped Makhleb.
Makhleb was exalted by your worship.
You were not hungry.

You visited 4 branches of the dungeon, and saw 20 of its levels.
You also visited: Ice Cave.

You collected 1737 gold pieces.

Inventory:

Hand Weapons
 a - a +3 war axe (weapon)
 b - a +1 hand axe of flaming
Missiles
 Z - 9 throwing nets (quivered) {!d , @Q1}
Armour
 i - a +0 pair of boots (worn)
 o - a +0 shield (worn)
 N - a +4 plate armour (worn)
 P - a +0 helmet
 U - a +0 pair of gloves (worn)
 W - a +0 cloak (worn)
 Y - a +1 hat of magic resistance (worn)
Jewellery
 c - a ring of protection from cold (left hand)
 g - a ring of resist corrosion (right hand)
 q - an uncursed ring of positive energy
 t - an uncursed ring of protection from cold
 A - a +5 amulet of reflection
 O - an amulet of faith (around neck) {!P}
Wands
 p - a wand of flame (45) {@v6}
 x - a wand of digging (4) {@v1}
 D - a wand of iceblast (8) {@v4}
 I - a wand of paralysis (14) {@v7}
 V - a wand of disintegration (16)
Scrolls
 k - 5 scrolls of remove curse {@r3}
 y - 2 scrolls of enchant armour
 B - 2 scrolls of blinking
 E - 2 scrolls of fog {unknown}
 F - a scroll of vulnerability
 H - 4 scrolls of fear
 K - 3 scrolls of noise
 M - a scroll of magic mapping
 R - 2 scrolls of identify {@r1}
 S - 8 scrolls of enchant weapon
 T - 5 scrolls of teleportation {!r, @r2}
 X - 7 scrolls of immolation
Potions
 d - 5 potions of might {@q4}
 j - 4 potions of mutation {!q}
 l - 2 potions of invisibility
 n - a potion of ambrosia
 r - 6 potions of heal wounds {@q2}
 s - 2 potions of flight
 u - 4 potions of agility {@q5}
 v - 3 potions of lignification
 C - 6 potions of curing {@q1}
 J - 5 potions of resistance {@q6}
 L - 3 potions of cancellation
Miscellaneous
 z - a lightning rod (4/4)
 G - a sack of spiders
 Q - a phantom mirror
Comestibles
 e - 44 rations


   Skills:
 + Level 11.0 Fighting
 + Level 12.7 Axes
 + Level 12.9 Armour
 + Level 12.9 Shields
 + Level 7.7 Invocations
 + Level 13.4 Evocations


You had 13 spell levels left.
You didn't know any spells.
Your spell library contained the following spells:

 Spells                   Type           Power        Failure   Level  Hunger
 Freeze                   Ice            #...         99%         1    ##.....
 Magic Dart               Conj           #...         99%         1    ##.....
 Sandblast                Erth           #.....       99%         1    ##.....
 Ensorcelled Hibernation  Hex/Ice        #.....       100%        2    ###....
 Passwall                 Tmut/Erth      #.......     100%        2    ###....
 Searing Ray              Conj           #.....       100%        2    ###....
 Dazzling Flash           Conj/Hex       #.....       100%        3    ####...
 Recall                   Summ/Tloc      N/A          100%        3    ####...
 Stone Arrow              Conj/Erth      #.....       100%        3    ####...
 Cause Fear               Hex            #.........   100%        4    #####..
 Fulminant Prism          Conj/Hex       #.........   100%        4    #####..
 Hailstorm                Conj/Ice       #.......     100%        4    #####..
 Ice Form                 Ice/Tmut       #.......     100%        4    #####..
 Iskenderun's Mystic Bla  Conj/Tloc      #.......     100%        4    #####..
 Petrify                  Tmut/Erth      #.......     100%        4    #####..
 Aura of Abjuration       Summ           #.........   100%        5    ######.
 Lee's Rapid Deconstruct  Erth           #.........   100%        5    ######.
 Metabolic Englaciation   Hex/Ice        #.........   100%        5    ######.
 Silence                  Hex/Air        #.........   100%        5    ######.
 Summon Demon             Summ           #.........   100%        5    ######.
 Summon Forest            Summ/Tloc      #.........   100%        5    ######.
 Summon Mana Viper        Hex/Summ       #.......     100%        5    ######.
 Yara's Violent Unravell  Hex/Tmut       #.........   100%        5    ######.
 Deflect Missiles         Chrm/Air       #.........   100%        6    #######
 Freezing Cloud           Conj/Ice/Air   #.........   100%        6    #######
 Shadow Creatures         Summ           N/A          100%        6    #######
 Discord                  Hex            #.........   100%        8    #######


Dungeon Overview and Level Annotations

Branches:
Dungeon (12/15)            Temple (1/1) D:5            Lair (6/6) D:8
  Swamp (0/4) Lair:3       Spider (0/4) Lair:2        Slime (0/5) Lair:5
    Orc (1/2) D:11          IceCv (visited)

Altars:
Ashenzari
Cheibriados
Dithmenos
Elyvilon
Fedhas
Gozag
Hepliaklqana
Kikubaaqudgha
Makhleb
Nemelex Xobeh
Okawaru
Qazlal
Ru
Sif Muna
Trog
Uskayaw
Vehumet
Wu Jian
Xom
Yredelemnul
Zin
The Shining One
Jiyva

Annotations:
D:2 1 runed translucent door, Crazy Yiuf
D:3 1 runed translucent door, Guilu's ghost, amateur HOFE
D:8 2 transporters, pk666's ghost, novice DEWz
D:10 exclusion: 2 doors
Orc:1 Snorg


Innate Abilities, Weirdness & Mutations

You are resistant to damage.
You can heal yourself by infusing magical energy.
You resist negative energy. (rN+)
You passively map the area around you.
You do not regenerate.
You have sharp toenails.
You are clumsy. (Dex -2)
Potions are less effective at restoring your health.


Message History

Makhleb accepts your kill.
You feel better.
You closely miss Snorg. You barely miss the ogre.
Snorg bites you but does no damage. Snorg claws you!
Snorg claws you but does no damage. You block the ogre's attack.
Snorg bites you! You block Snorg's attack. x2
You take 16 damage, and have 61/135 hp.
You hit Snorg.
Snorg is heavily wounded.
You hit the ogre. You block the ogre's attack. You block Snorg's attack. x2
Snorg claws you.
You slash the ogre!
The ogre is severely wounded.
Your shield and plate armour prevent you from hitting Snorg.
You block Snorg's attack. x2; Snorg claws you but does no damage.
You block the ogre's attack.
You closely miss the ogre.
The ogre is severely wounded.
You closely miss Snorg. Snorg barely misses you.
Snorg claws you but does no damage. You block Snorg's attack.
You slash the ogre!
You kill the ogre!
Makhleb accepts your kill.
You feel better.
You slash Snorg! Snorg closely misses you.
You block Snorg's attack. x2; Snorg closely misses you.
Snorg claws you but does no damage. Snorg claws you!
* * * LOW HITPOINT WARNING * * *
You take 3 damage, and have 58/135 hp.
You hit Snorg.
Snorg is heavily wounded.
You block Snorg's attack. x2; Snorg claws you but does no damage.
You closely miss Snorg.
Snorg is heavily wounded.
Snorg barely misses you. You block Snorg's attack.
Snorg claws you but does no damage. Snorg bites you but does no damage.
Snorg claws you.
* * * LOW HITPOINT WARNING * * *
You block Snorg's attack.
You slice Snorg!!
Snorg is severely wounded.
Snorg barely misses you. You block Snorg's attack. x2
You take 3 damage, and have 55/135 hp.
You hit Snorg.
Snorg is severely wounded.
You block Snorg's attack. x2; Snorg claws you!
* * * LOW HITPOINT WARNING * * *
You take 4 damage, and have 51/135 hp.
You are too injured to fight recklessly!
You are too injured to fight recklessly!
You are too injured to fight recklessly!
You are too injured to fight recklessly!
You are too injured to fight recklessly!
You are too injured to fight recklessly!
You are too injured to fight recklessly!
You are too injured to fight recklessly!
You are too injured to fight recklessly!
You are too injured to fight recklessly!
You are too injured to fight recklessly!
You are too injured to fight recklessly!
You are too injured to fight recklessly!
You are too injured to fight recklessly!
You are too injured to fight recklessly!
You are too injured to fight recklessly!
You are too injured to fight recklessly!
You are too injured to fight recklessly!
You are too injured to fight recklessly!
You are too injured to fight recklessly!
You are too injured to fight recklessly!
You are too injured to fight recklessly!
You are too injured to fight recklessly!
You hit Snorg.
Snorg is severely wounded.
You block Snorg's attack. Snorg barely misses you. Snorg claws you!
* * * LOW HITPOINT WARNING * * *
Snorg barely misses you. You block Snorg's attack. Snorg claws you!
* * * LOW HITPOINT WARNING * * *
You take 25 damage, and have 26/135 hp.
You slash Snorg!
Snorg is severely wounded.
You block Snorg's attack. x2; Snorg claws you but does no damage.
You hit Snorg.
Snorg is severely wounded.
You block Snorg's attack. Snorg claws you.
* * * LOW HITPOINT WARNING * * *
You block Snorg's attack.
You take 5 damage, and have 21/135 hp.
You hit Snorg.
Snorg is severely wounded.
Snorg closely misses you. Snorg barely misses you. x2
You block Snorg's attack. Snorg claws you but does no damage. Snorg claws you.
Your shield and plate armour prevent you from hitting Snorg.
Snorg is severely wounded.
Snorg bites you but does no damage. Snorg barely misses you. Snorg claws you!
* * * LOW HITPOINT WARNING * * *
You take 10 damage, and have 11/135 hp.
You completely miss Snorg.
Snorg is severely wounded.
Snorg bites you. Snorg claws you!
* * * LOW HITPOINT WARNING * * *
Snorg completely misses you. Snorg bites you!
You die...

▓ █ ██
█.█$██▓
█.....██ ▓
......███
█.T)).█
···· ██@.█
· ▓█)<.█ ▓
▓.....$.█.█
█.....█ ██
██....
█.....
..$.. ▓
█...█ ·▓▓
...█ ▓ · ·


You could see Snorg (berserk).

Vanquished Creatures
  Gastronok (Lair:2)
  Harold (D:9)
  7 hydras
  3 two-headed ogres
  4 death yaks
  2 unseen horrors
  2 lindwurms (Lair:6)
  An ugly thing (D:12)
  2 wolf spiders (Lair:6)
  Joseph (D:7)
  4 torpor snails (Lair:6)
  A guardian serpent (Lair:6)
  8 black mambas
  An ice statue (IceCv)
  13 spiny frogs
  2 rime drakes
  2 kobold demonologists (D:11)
  A troll (D:10)
  7 komodo dragons
  A merfolk (D:9)
  12 polar bears (IceCv)
  A queen bee (D:10)
  3 tyrant leeches (Lair:6)
  7 hornets (Lair:6)
  2 slime creatures (D:12)
  6 dream sheep (Lair:4)
  16 blink frogs
  A redback (Lair:6)
  6 hippogriffs
  Sigmund (D:3)
  2 shadows
  A water elemental (D:11)
  A spriggan (Lair:1)
  11 wyverns
  35 yaks
  2 basilisks
  Eustachio (D:4)
  2 hungry ghosts
  2 vampire mosquitoes (D:11)
  Menkaure (D:4)
  Edmund (D:6)
  23 water moccasins
  2 swamp worms (Lair:3)
  An acid dragon (D:11)
  11 porcupines
  An eye of draining (D:12)
  3 ice beasts
  A black bear (D:6)
  5 orc warriors
  2 sky beasts
  4 phantoms
  8 ogres
  28 wolves
  3 centaurs (D:12)
  3 big kobolds
  12 crocodiles
  Blork the orc (D:9)
  5 bullfrogs
  3 scorpions
  A troll zombie (D:11)
  A water moccasin skeleton (D:4)
  28 killer bees
  7 wights
  A howler monkey (D:4)
  2 vampire bats (Lair:5)
  2 electric eels (D:11)
  9 crimson imps
  3 bullfrog zombies
  2 centaur zombies
  7 hounds
  3 jellies
  8 orc priests
  A bullfrog skeleton (D:6)
  A gnoll shaman (D:9)
  10 orc wizards
  5 iguanas
  5 worker ants
  5 ogre zombies (D:11)
  3 hound skeletons
  13 gnolls
  15 adders
  2 shadow imps
  An adder skeleton (D:7)
  6 worms
  2 dart slugs
  7 leopard geckos
  28 orcs
  13 bats
  6 giant cockroaches
  6 goblins
  7 hobgoblins
  A quokka (D:12)
  A ball python (D:2)
  5 frilled lizards
  3 goblin zombies (D:11)
  A hobgoblin skeleton (D:11)
  A jackal zombie (D:9)
  19 kobolds
  An orc skeleton (D:11)
  14 orc zombies (D:11)
  4 rats
  5 fungi
  10 plants
569 creatures vanquished.

Vanquished Creatures (collateral kills)
  A frost giant (IceCv)
  A fire dragon (Lair:6)
  A torpor snail (Lair:6)
  A polar bear (IceCv)
  A hornet (Lair:6)
5 creatures vanquished.

Vanquished Creatures (others)
  A yak (IceCv)
  A centaur (D:12)
  A wolf (IceCv)
  A kobold (D:11)
  4 fungi
  5 plants
13 creatures vanquished.

Grand Total: 587 creatures vanquished

Notes
Turn   | Place    | Note
-------+----------+-------------------------------------------
     0 | D:1      | Goblin1989 the Deep Dwarf Fighter began the quest for the
                  | Orb.
     0 | D:1      | Reached XP level 1. HP: 20/20 MP: 1/1
    73 | D:1      | Reached XP level 2. HP: 25/27 MP: 2/2
   809 | D:2      | Reached XP level 3. HP: 24/34 MP: 3/3
  1301 | D:2      | Found a runed translucent door.
  1302 | D:2      | Noticed Crazy Yiuf
  1352 | D:3      | Reached XP level 4. HP: 24/42 MP: 4/4
  1357 | D:3      | Found a hide-covered altar of Uskayaw.
  1508 | D:3      | Reached XP level 5. HP: 42/49 MP: 5/5
  1657 | D:3      | Found a runed translucent door.
  1660 | D:3      | Noticed Guilu's ghost (amateur HOFE)
  1942 | D:3      | Noticed Sigmund
  1957 | D:3      | Killed Sigmund
  1957 | D:3      | Reached XP level 6. HP: 56/57 MP: 6/6
  2039 | D:4      | Found a sparkling altar of Nemelex Xobeh.
  2059 | D:4      | Noticed Eustachio
  2070 | D:4      | Killed Eustachio
  2070 | D:4      | Reached skill level 5 in Armour
  2070 | D:4      | Reached skill level 5 in Shields
  2175 | D:4      | Reached XP level 7. HP: 30/66 MP: 7/7
  2314 | D:4      | Noticed Menkaure
  2326 | D:4      | Killed Menkaure
  2385 | D:4      | Reached skill level 5 in Axes
  2877 | D:5      | Entered Level 5 of the Dungeon
  2892 | D:5      | Reached skill level 5 in Fighting
  3039 | D:5      | Reached XP level 8. HP: 35/74 MP: 6/6
  3241 | D:5      | Found a staircase to the Ecumenical Temple.
  3251 | Temple   | Entered the Ecumenical Temple
  3353 | Temple   | Became a worshipper of Makhleb the Destroyer
  3453 | D:5      | Reached skill level 1 in Evocations
  3546 | D:5      | Found a stormy altar of Qazlal.
  3549 | D:5      | Noticed an air elemental
  3724 | D:6      | Found an iron altar of Okawaru.
  3736 | D:6      | Reached skill level 2 in Evocations
  3836 | D:6      | Found a glowing golden altar of the Shining One.
  3976 | D:6      | Reached * piety under Makhleb
  4002 | D:6      | Noticed Edmund
  4027 | D:6      | Killed Edmund
  4027 | D:6      | Reached skill level 3 in Evocations
  4174 | D:6      | Got a pitted spear
  4209 | D:6      | Found a bloodstained altar of Trog.
  4387 | D:7      | Got a fine ring mail
  4398 | D:7      | Identified the +4 ring mail "Esyeseel" {Regen+ Str-5 Dex+4}
                  | (You found it on level 7 of the Dungeon)
  4605 | D:7      | Noticed Joseph
  4620 | D:7      | Killed Joseph
  4620 | D:7      | Reached skill level 4 in Evocations
  4620 | D:7      | Gained mutation: You passively map the area around you.
                  | [Deep Dwarf growth]
  4620 | D:7      | Reached XP level 9. HP: 35/82 MP: 7/9
  5045 | D:8      | Found a staircase to the Lair.
  5045 | D:8      | Noticed a death yak
  5045 | D:8      | Noticed a death yak
  5061 | D:8      | Noticed a death yak
  5072 | D:8      | Killed a death yak
  5072 | D:8      | Reached skill level 5 in Evocations
  5077 | D:8      | Killed a death yak
  5077 | D:8      | Reached skill level 6 in Evocations
  5084 | D:8      | Reached XP level 10. HP: 39/92 MP: 11/11
  5092 | D:8      | Killed a death yak
  5186 | D:8      | Found a transporter.
  5189 | D:8      | Found a transporter.
  5189 | D:8      | Noticed pk666's ghost (novice DEWz)
  5462 | D:9      | Noticed Blork the orc
  5462 | D:9      | Noticed Harold
  5470 | D:9      | Killed Blork the orc
  5487 | D:9      | Reached skill level 7 in Evocations
  5488 | D:9      | Reached ** piety under Makhleb
  5489 | D:9      | Killed Harold
  5614 | D:9      | Gained mutation: You have sharp toenails. [potion of
                  | mutation]
  5641 | D:9      | Noticed a two-headed ogre
  5660 | D:9      | Killed a two-headed ogre
  5660 | D:9      | Reached skill level 8 in Evocations
  6031 | D:9      | Found a shimmering altar of Xom.
  6198 | D:10     | Entered Level 10 of the Dungeon
  6209 | D:10     | Reached XP level 11. HP: 93/103 MP: 11/11
  6457 | D:10     | Reached *** piety under Makhleb
  7067 | D:11     | Reached skill level 9 in Evocations
  7084 | D:11     | Reached skill level 10 in Armour
  7110 | D:11     | Reached **** piety under Makhleb
  7206 | D:11     | Reached skill level 10 in Shields
  7242 | D:11     | Killed an unseen horror
  7407 | D:11     | Reached skill level 10 in Axes
  7502 | D:11     | Found a staircase to the Orcish Mines.
  7682 | D:11     | Reached ***** piety under Makhleb
  7799 | D:11     | Noticed a two-headed ogre
  7807 | D:11     | Killed a two-headed ogre
  7807 | D:11     | Reached skill level 10 in Evocations
  7989 | D:11     | Reached XP level 12. HP: 74/112 MP: 12/12
  8460 | D:12     | Noticed a two-headed ogre
  8471 | D:12     | Killed a two-headed ogre
  8472 | D:12     | Identified the cursed +1 spear "Lefeluxt" {drain, Str+4}
                  | (You found it on level 6 of the Dungeon)
  8948 | Lair:1   | Entered Level 1 of the Lair of Beasts
  9609 | Lair:2   | Noticed Gastronok
  9630 | Lair:2   | Killed Gastronok
  9630 | Lair:2   | Reached skill level 11 in Evocations
 10040 | Lair:2   | Found a hole to the Spider Nest.
 10233 | Lair:3   | Noticed a six-headed hydra
 10252 | Lair:3   | Killed a one-headed hydra
 10252 | Lair:3   | Reached skill level 1 in Invocations
 10267 | Lair:3   | Noticed a six-headed hydra
 10279 | Lair:3   | Killed a one-headed hydra
 10279 | Lair:3   | Reached XP level 13. HP: 110/123 MP: 13/13
 10891 | Lair:3   | Reached skill level 10 in Fighting
 11030 | Lair:3   | Found a staircase to the Swamp.
 11686 | Lair:4   | Reached skill level 12 in Evocations
 11689 | Lair:4   | Reached ****** piety under Makhleb
 12632 | Lair:5   | Found a viscous altar of Jiyva.
 12632 | Lair:5   | Found a staircase to the Slime Pits.
 12735 | Lair:5   | Reached skill level 5 in Invocations
 13108 | Lair:6   | Entered Level 6 of the Lair of Beasts
 13193 | Lair:6   | Found a frozen archway.
 13202 | IceCv    | Entered an ice cave
 13322 | IceCv    | Got a warped halberd
 13659 | IceCv    | Gained mutation: You resist negative energy. (rN+) [Deep
                  | Dwarf growth]
 13659 | IceCv    | Reached XP level 14. HP: 94/133 MP: 12/12
 13709 | IceCv    | Noticed a frost giant
 13720 | IceCv    | Killed a frost giant
 13789 | IceCv    | Identified Sif Muna's Grimoire of Ice
 14065 | Lair:6   | Paralysed by a hornet for 3 turns
 14099 | Lair:6   | Reached skill level 13 in Evocations
 14283 | Lair:6   | Paralysed by a hornet for 1 turns
 14764 | Lair:6   | Found a runed translucent door.
 14801 | Lair:6   | Paralysed by a hornet for 2 turns
 14840 | Lair:6   | Paralysed by a hornet for 3 turns
 14917 | Lair:6   | Paralysed by a hornet for 3 turns
 14985 | Lair:6   | Paralysed by a hornet for 3 turns
 15085 | Lair:6   | Noticed a cacodemon
 15092 | Lair:6   | Gained mutation: You are clumsy. (Dex -2) [a cacodemon]
 15097 | Lair:6   | Gained mutation: Potions are less effective at restoring
                  | your health. [a cacodemon]
 15378 | Orc:1    | Entered Level 1 of the Orcish Mines
 15378 | Orc:1    | Noticed Snorg
 15402 | Orc:1    | Slain by Snorg

Levels and vault maps discovered:
D:1:      elethiomel_arrival_infinity_welcomes_careful_drivers,
          layout_loops_ring
D:2:      layout_basic, uniq_crazy_yiuf_cottage
D:3:      layout_basic, eat_drink_and_be_merry_uskayaw, ebering_ghost_sewer_d,
          minmay_door_square, minmay_strange_pillars, uniq_sigmund
D:4:      layout_basic, nemelex_spade_bored_becter, uniq_eustachio,
          uniq_menkaure
D:5:      layout_cave_pools, nicolae_qazlal_style_of_elements,
          minmay_temple_entry_wispy, first_ration, minmay_fountain_box,
          minmay_curled_crystal
D:6:      layout_cave_pools, nicolae_overflow_hidden_temple,
          nicolae_zen_rock_garden, kennysheep_decorative_pillar, dk_vineyard_2,
          supply_closet_lemuel, uniq_edmund
D:7:      layout_rooms, uniq_joseph
D:8:      layout_loops_ring, dpeg_lair_monsters, gammafunk_ghost_arena
D:9:      layout_long_grid, kennysheep_mini, hangedman_fish_farm,
          sword_in_stone, uniq_harold
D:10:     layout_roguey [special_room_bee]
D:11:     layout_long_grid, zombieorc1_lemuel, serial_bayou_lagoon_a
D:12:     layout_irregular_city, minmay_fractal_squares_gapless_5
Temple:   minmay_temple_bridge_d
Lair:1:   layout_big_grid, serial_bayou_pond_e, grunt_forest_large_clearing_hut
Lair:2:   layout_misc_corridors, dummy_spider_entry, minmay_hedge_maze,
          uniq_gastronok
Lair:3:   layout_regular_city, palyth_hydra_swamp_entry
Lair:4:   layout_small_grid
Lair:5:   layout_small_grid, dpeg_slime_entry_enclosed_altar, roderic_batcave,
          lemuel_fruit_tree, infiniplex_staircase_pool_2
Lair:6:   hangedman_lair_tendril_chambers, layout_gridlike, wormcave,
          portal_ice_cave_entry_pillars_1
Orc:1:    layout_diamond_mine, basic_altar, uniq_urug, uniq_erica, uniq_snorg

Skill      XL: |  1  2  3  4  5  6  7  8  9 10 11 12 13 14 |
---------------+-------------------------------------------+-----
Fighting       | 3 4 5 6 7 8 9 10 11 | 11.0
Axes           | 3 4 5 6 7 9 10 11 12 | 12.7
Armour         | 4 5 6 7 8 9 10 11 12 | 12.9
Shields        | 4 5 6 7 8 9 10 11 12 | 12.9
Evocations     | 4 6 8 10 11 12 13 | 13.4
Invocations    | 1 6 7 |  7.7

Action                   |  1- 3 |  4- 6 |  7- 9 | 10-12 | 13-15 || total
-------------------------+-------+-------+-------+-------+-------++-------
Melee: War axe           |   113 |   101 |   267 |  1021 |  1042 ||  2544
       Hand axe          |       |       |       |    27 |    41 ||    68
Invok: Greater Servant o |       |       |       |       |     4 ||     4
       Lesser Servant of |       |       |       |       |     1 ||     1
 Abil: Heal Wounds       |       |     2 |    17 |    13 |    35 ||    67
Evoke: Wand              |       |       |       |     1 |       ||     1
  Use: Potion            |       |       |     1 |     3 |     1 ||     5
       Scroll            |       |       |       |    15 |     9 ||    24
 Stab: Held in net/web   |       |       |       |     2 |       ||     2
       Distracted        |       |       |       |       |     3 ||     3
  Eat: Chunk             |     2 |     3 |     6 |    22 |    18 ||    51
       Ration            |       |       |     1 |     1 |       ||     2
Armor: Scale mail        |    52 |    35 |   119 |       |       ||   206
       Chain mail        |       |       |    16 |   105 |       ||   121
       Plate armour      |       |       |       |   436 |   782 ||  1218
Dodge: Dodged            |    21 |    23 |   105 |   221 |   320 ||   690
Block: Shield            |    74 |    44 |   168 |   853 |   893 ||  2032
       Reflection        |       |       |     2 |    20 |       ||    22

Table legend:
 A = Non-vault XP
 B = Vault XP
 C = Vault XP percentage of total XP
 D = Non-vault monster count
 E = Vault monster count
 F = Vault count percentage of total count
                 A         B        C        D         E       F
            +---------+---------+-------+---------+---------+-------
      Total |   42576 |   44128 |  50.9 |     361 |     200 |  35.7
            +---------+---------+-------+---------+---------+-------
        D:1 |      37 |       0 |   0.0 |      19 |       0 |   0.0
        D:2 |      57 |       0 |   0.0 |      16 |       0 |   0.0
        D:3 |     170 |     223 |  56.7 |      25 |       1 |   3.8
        D:4 |     465 |     353 |  43.2 |      20 |       2 |   9.1
        D:5 |     484 |       0 |   0.0 |      11 |       0 |   0.0
        D:6 |     709 |     164 |  18.8 |      29 |       1 |   3.3
        D:7 |      51 |     475 |  90.3 |       4 |       1 |  20.0
        D:8 |     879 |    3244 |  78.7 |      11 |       6 |  35.3
        D:9 |    1927 |    1634 |  45.9 |      20 |       6 |  23.1
       D:10 |    2237 |    1853 |  45.3 |      27 |      26 |  49.1
       D:11 |    6361 |     631 |   9.0 |      53 |      29 |  35.4
       D:12 |    3300 |    1520 |  31.5 |      20 |       6 |  23.1
     Lair:1 |    1778 |    1060 |  37.4 |      11 |       3 |  21.4
     Lair:2 |    4109 |    2057 |  33.4 |      18 |       1 |   5.3
     Lair:3 |    4552 |    2594 |  36.3 |      16 |       6 |  27.3
     Lair:4 |    5697 |       0 |   0.0 |      24 |       0 |   0.0
     Lair:5 |    7168 |     123 |   1.7 |      23 |       7 |  23.3
     Lair:6 |    2354 |   16466 |  87.5 |      11 |      52 |  82.5
      Orc:1 |     241 |       0 |   0.0 |       3 |       0 |   0.0
      IceCv |       0 |   11731 | 100.0 |       0 |      53 | 100.0
            +---------+---------+-------+---------+---------+-------
